 Dungeon Crawl Stone Soup version 0.30-a0-272-gf98c3da03f (webtiles) character file.

Game seed: 1967188760634633617

2 glaedl the Stinger (level 1, -1/13 HPs)
             Began as a Demonspawn Venom Mage on Oct 16, 2022.
             Succumbed to a goblin's poison
             ... on level 1 of the Dungeon.
             The game lasted 00:00:24 (61 turns).

glaedl the Stinger (Demonspawn Venom Mage)            Turns: 61, Time: 00:00:24

Health: -1/13      AC:  2    Str:  8    XL:     1   Next: 33%
Magic:  2/3        EV:  9    Int: 16    God:
Gold:   0          SH:  0    Dex: 13    Spells: 3/4 levels left

rFire   . . .      SeeInvis .    (no weapon)
rCold   . . .      Faith    .    (no shield)
rNeg    . . .      Spirit   .    a - +0 robe
rPois   .          Reflect  .    (no helmet)
rElec   .          Harm     .    (no cloak)
rCorr   .          Rampage  .    (no gloves)
Will    .....                    (no boots)
Stlth   ++........               (no amulet)
HPRegen 0.22/turn                (no ring)
MPRegen 0.08/turn                (no ring)

@: lethally poisoned (-1 -> -7), constricted
A: no striking features
a: no special abilities


You were on level 1 of the Dungeon.
You visited 1 branch of the dungeon, and saw 1 of its levels.

Inventory:

Armour
 a - a +0 robe (worn)
Scrolls
 c - a scroll of butterflies {unknown}


   Skills:
 + Level 1.8 Dodging
 + Level 1.8 Stealth
 + Level 2.0 Spellcasting
 + Level 1.0 Transmutations
 + Level 3.0 Poison Magic


You had 3 spell levels left.
You knew the following spells:

 Your Spells              Type           Power      Damage    Failure   Level
a - Sting                 Tmut/Pois      32%        1d4       9%          1

Your spell library contained the following spells:

 Spells                   Type           Power      Damage    Failure   Level
 Poisonous Vapours        Pois/Air       12%        N/A       17%         2
 Mephitic Cloud           Conj/Pois/Air  4%         N/A       38%         3
 Olgreb's Toxic Radiance  Pois           11%        N/A       52%         4


Dungeon Overview and Level Annotations

Branches:
Dungeon (1/15)

Altars:

Shops:
D:1 (


Message History

Found a scroll labelled HEZAENUFIU.
The dart slug moves out of view.
The kobold moves out of view.
The sting hits the giant cockroach.
The giant cockroach is poisoned.
The giant cockroach is almost dead.
You kill the giant cockroach!
Magic restored.
c - a scroll labelled HEZAENUFIU
Found a pair of boots.
As you open the door, it creaks loudly!
There is an open door here.
A goblin comes into view. It is wielding a +2 dagger of venom.
The goblin shouts!
A ball python comes into view.
The goblin barely misses you.
The sting misses the goblin.
The ball python hisses angrily.
The goblin hits you with a +2 dagger of venom.
You are poisoned.
The sting hits the goblin.
The goblin is poisoned.
The goblin is moderately wounded.
You feel sick.
The goblin hits you with a +2 dagger of venom.
You are lethally poisoned!
The sting hits the goblin.
The goblin looks even sicker.
You kill the goblin!
You feel very sick.
Your Transmutations skill increases to level 1!
Magic courses through your body.
* * * LOW HITPOINT WARNING * * *
You feel sick.
The ball python bites you but does no damage.
The ball python grabs you. The ball python constricts you.
* * * LOW HITPOINT WARNING * * *
You are too injured to fight recklessly!
Aiming: Sting (safe; 9% risk of failure)
Press: ? - help, Q - select action Shift-Dir - straight line, f - ball python
Aim: a ball python (constricting you, 64% to hit)
The sting hits the ball python.
The ball python is poisoned.
The ball python is moderately wounded.
You die...

≈...~~~.~~~...≈
≈≈....~~~....≈≈ ..#
≈≈≈≈≈.....≈≈≈≈≈ ..#
≈≈≈≈≈≈≈≈≈≈≈≈≈≈≈ ...#
##################...#
##.....#..............#
##.###.#....###......#
#.............#..S...#
#............##.@....#
#..........#.........#
#.................####
####'##....##.......^.
......................
.....###.#.............
.......#.#.............
.........#........#....
......##.#............


You could see a ball python (poisoned).

Vanquished Creatures
  A giant cockroach (D:1)
  A goblin (D:1)
2 creatures vanquished.

Notes
Turn   | Place    | Note
-------+----------+-------------------------------------------
     0 | D:1      | glaedl the Demonspawn Venom Mage began the quest for the
                  | Orb.
     0 | D:1      | Reached XP level 1. HP: 13/13 MP: 3/3
     3 | D:1      | Found Sabuxkuti's Antique Weapon Shoppe.
    60 | D:1      | Reached skill level 1 in Transmutations
    61 | D:1      | Succumbed to a goblin's poison

Illustrated notes

Levels and vault maps discovered:
D:1:      dpeg_arrival_shrine, layout_basic, serial_shops, shop,
          chequers_serial_rivers_large_a

Skill      XL: |  1 |
---------------+----+-----
Transmutations | 1 |  1.0
Dodging        | |  1.8
Stealth        | |  1.8
Spellcasting   | |  2.0
Poison Magic   | |  3.0

Action                   || total
-------------------------++-------
 Cast: Sting             ||     5
  Use: Potion            ||     1
Armor: Robe              ||     1
Dodge: Dodged            ||     1

Table legend: (Time is in decaauts)
 A = Elapsed time spent in this place.
 B = Non-inter-level travel time spent in this place.
 C = Inter-level travel time spent in this place.
 D = Time resting spent in this place.
 E = Time spent auto-exploring this place.
 F = Levels seen in this place.
 G = Mean time per level.
                   A        B        C        D        E       F      G
               +--------+--------+--------+--------+--------+-----+--------+
         Total |     61 |     61 |      0 |      0 |     46 |   1 |   61.0 |
       Dungeon |     61 |     61 |      0 |      0 |     46 |   1 |   61.0 |
               +--------+--------+--------+--------+--------+-----+--------+

Top non-repeatable levels by time:
     D:1: 61 daAuts
